 Dungeon Crawl Stone Soup version 0.29-a0-284-gf9362112df (webtiles) character file.

Game seed: 3815933623874394228

957 horus123 the Covered (level 7, 0/52 HPs)
             Began as a Demonspawn Gladiator on Mar 18, 2022.
             Slain by Dowan
             ... wielding a +1 dagger of electrocution
              (14 damage)
             ... on level 4 of the Dungeon.
             The game lasted 00:08:46 (4569 turns).

horus123 the Covered (Demonspawn Gladiator)         Turns: 4569, Time: 00:08:47

Health: 0/52       AC: 16    Str: 17    XL:     7   Next: 91%
Magic:  7/7        EV:  4    Int:  9    God:
Gold:   1108       SH: 14    Dex: 14    Spells: 6/6 levels left

rFire   . . .      SeeInvis .   a - +0 long sword
rCold   . . .      Faith    .   g - +1 tower shield
rNeg    . . .      Spirit   .   r - +0 plate armour
rPois   .          Reflect  .   c - +0 helmet
rElec   .          Harm     .   j - +0 cloak
rCorr   .          Rampage  .   f - +0 pair of gloves
Will    .....                   (no boots)
Stlth   ..........              (no amulet)
HPRegen 0.17/turn               (no ring)
MPRegen 0.10/turn               (no ring)

@: no status effects
A: hooves 2, repulsion field 1, foul stench 1
a: no special abilities


You were on level 4 of the Dungeon.
You visited 1 branch of the dungeon, and saw 4 of its levels.
You also visited: Ossuary.

You collected 1108 gold pieces.

Inventory:

Hand Weapons
 a - a +0 long sword (weapon)
Missiles
 d - 3 throwing nets (quivered)
 e - a javelin
 k - 6 curare-tipped darts
Armour
 c - a +0 helmet (worn)
 f - a +0 pair of gloves (worn)
 g - a +1 tower shield (worn)
 j - a +0 cloak (worn)
 r - a +0 plate armour (worn)
Scrolls
 m - a scroll of fear {unknown}
 w - a scroll of torment
Potions
 b - a potion of invisibility {unknown}
 h - 3 potions of haste
 i - 2 potions of curing
 l - 2 potions of flight {unknown}
 n - a potion of magic {unknown}
 o - a potion of lignification
 p - 2 potions of might
 s - 2 potions of attraction
 t - a potion of cancellation
 u - a potion of mutation {unknown}


   Skills:
 + Level 3.5 Fighting
 - Level 3.0 Long Blades
 - Level 1.7 Throwing
 - Level 6.2 Armour
 - Level 2.6 Dodging
 - Level 4.1 Shields


You had 6 spell levels left.
You didn't know any spells.
Your spell library contained the following spells:

 Spells                   Type           Power      Damage    Failure   Level
 Static Discharge         Conj/Air       0%         N/A       100%        2
 Ozocubu's Armour         Ice            0%         N/A       100%        3
 Lightning Bolt           Conj/Air       0%         1d11      100%        5
 Ozocubu's Refrigeration  Ice            0%         4d5       100%        7
 Maxwell's Capacitive Co  Air            0%         ∞         100%        8


Dungeon Overview and Level Annotations

Branches:
Dungeon (4/15)             Temple (0/1) D:4         Ossuary (visited)

Altars:
Vehumet

Annotations:
D:3 exclusion: statue
D:4 Dowan, Duvessa


Innate Abilities, Weirdness & Mutations

You have hoof-like feet.
You are surrounded by a mild repulsion field. (EV +2)
You may rarely emit foul miasma when damaged in melee.


Message History

Duvessa is heavily wounded.
Duvessa hits you but does no damage. Duvessa hits you with a +0 short sword.
You hit Duvessa but do no damage. You kick Duvessa, but do no damage.
Duvessa is heavily wounded.
Duvessa hits you with a +0 short sword. You block Duvessa's attack.
You hit Duvessa but do no damage.
Duvessa is heavily wounded.
Duvessa hits you but does no damage.
You hit Duvessa but do no damage.
Duvessa is heavily wounded.
Duvessa hits you with a +0 short sword. Dowan hits you but does no damage.
Duvessa hits you but does no damage.
You hit Duvessa but do no damage. You kick Duvessa.
Duvessa is heavily wounded.
Dowan points at you and mumbles some strange words.
The puff of frost hits you. You block Duvessa's attack.
You hit Duvessa but do no damage. Your kick misses Duvessa.
Duvessa is heavily wounded.
You block Dowan's attack. Duvessa barely misses you.
Dowan drinks a potion.
Dowan seems to grow stronger.
You block Duvessa's attack.
You completely miss Duvessa.
Duvessa is heavily wounded.
Dowan barely misses you. You block Duvessa's attack.
Duvessa hits you but does no damage.
Dowan hits you with a +1 dagger of electrocution.
You are electrocuted!
You closely miss Duvessa. Your kick misses Duvessa.
Duvessa is heavily wounded.
Dowan points at you and mumbles some strange words.
You resist with some effort. Duvessa hits you but does no damage.
You hit Duvessa. You kick Duvessa, but do no damage.
Duvessa is heavily wounded.
Dowan barely misses you. You block Duvessa's attack.
Dowan hits you with a +1 dagger of electrocution.
You are electrocuted!!
* * * LOW HITPOINT WARNING * * *
Duvessa hits you with a +0 short sword.
* * * LOW HITPOINT WARNING * * *
You feel better. Dowan hits you but does no damage.
You are electrocuted!
You die...

##.####.####.###########
#...†).................#
#....######......>.......#
#.# ##......#######..#
##.####......## #..#
.............# #..#
##.####....#.# #.)#
##e#.#.# #..# #@#.#.#
#..## #e#.# #.... #<.#.#
##.## #.## #.## #. #.## #.
#.## #. #.## #. #.## #.
#...


You could see Duvessa and Dowan (strong).

Vanquished Creatures
  Sigmund (D:4)
  2 ogres (D:4)
  2 elf zombies (Ossuary)
  2 scorpions
  A hound (D:3)
  An orc priest (D:3)
  2 human zombies (Ossuary)
  An iguana (D:4)
  2 orc wizards
  4 mummies (Ossuary)
  5 adders
  4 dart slugs
  11 orcs
  6 ball pythons
  8 bats
  3 endoplasms
  2 giant cockroaches
  4 goblins
  11 hobgoblins
  8 kobolds
  4 quokkas
  A frilled lizard (D:1)
  A goblin zombie (Ossuary)
  A jackal zombie (Ossuary)
  An orc zombie (Ossuary)
  3 rats
  5 rat zombies (Ossuary)
96 creatures vanquished.

Notes
Turn   | Place    | Note
-------+----------+-------------------------------------------
     0 | D:1      | horus123 the Demonspawn Gladiator began the quest for the
                  | Orb.
     0 | D:1      | Reached XP level 1. HP: 16/16 MP: 1/1
   225 | D:1      | Gained mutation: You may rarely emit foul miasma when
                  | damaged in melee. [demonic ancestry]
   225 | D:1      | Reached XP level 2. HP: 9/23 MP: 2/2
  1163 | D:1      | Reached XP level 3. HP: 29/29 MP: 3/3
  1247 | D:2      | Found a faded altar of an unknown god.
  1353 | D:2      | Reached skill level 1 in Shields
  2116 | D:3      | Found a radiant altar of Vehumet.
  2117 | D:3      | Noticed a charred statue
  2158 | D:3      | Gained mutation: You are surrounded by a mild repulsion
                  | field. (EV +2) [demonic ancestry]
  2158 | D:3      | Reached XP level 4. HP: 31/35 MP: 4/4
  2456 | D:3      | Noticed a scorpion
  2481 | D:3      | Killed a scorpion
  2482 | D:3      | Reached XP level 5. HP: 31/41 MP: 5/5
  2718 | D:3      | Reached skill level 1 in Armour
  2911 | D:3      | Identified a scroll of acquirement
  2911 | D:3      | Acquired 807 gold pieces
  2920 | D:4      | Noticed Sigmund
  2954 | D:4      | Killed Sigmund
  2955 | D:4      | Reached skill level 3 in Armour
  2955 | D:4      | Gained mutation: You have large cloven feet. [demonic
                  | ancestry]
  2955 | D:4      | Reached XP level 6. HP: 28/47 MP: 6/6
  3221 | D:4      | Found a staircase to the Ecumenical Temple.
  3271 | D:4      | Found a sand-covered staircase.
  3288 | Ossuary  | Entered an ossuary
  3380 | Ossuary  | Reached skill level 4 in Armour
  3380 | Ossuary  | Gained mutation: You have hoof-like feet. [demonic
                  | ancestry]
  3380 | Ossuary  | Reached XP level 7. HP: 24/52 MP: 7/7
  3420 | Ossuary  | Reached skill level 5 in Armour
  4392 | D:4      | Reached skill level 6 in Armour
  4553 | D:4      | Noticed Duvessa
  4553 | D:4      | Noticed Dowan
  4569 | D:4      | Slain by Dowan

Illustrated notes

Levels and vault maps discovered:
D:1:      psy_arrival_radial02, layout_loops_ring, minmay_misc_feat_square
D:2:      layout_loops_ring, nicolae_ecumenical_pavilion,
          kennysheep_big_empty_room
D:3:      layout_rooms, vehumet_statue, minmay_misc_feat_iff
D:4:      layout_loops_ring, gammafunk_temple_overflow_wave,
          minmay_temple_entry_glassed_door, enter_ossuary_1,
          hangedman_decor_growths, uniq_pikel, uniq_sigmund, uniq_duvessa

Skill      XL: |  1  2  3  4  5  6  7 |
---------------+----------------------+-----
Fighting       | 3 |  3.5
Long Blades    | 3 |  3.0
Shields        | 2 3 4 |  4.1
Armour         | 3 4 6 |  6.2
Throwing       | |  1.7
Dodging        | |  2.6

Action                   |  1- 3 |  4- 6 |  7- 9 || total
-------------------------+-------+-------+-------++-------
Melee: Long sword        |   104 |   163 |   105 ||   372
       Kick              |       |    22 |    38 ||    60
  Use: Scroll            |     6 |     3 |     7 ||    16
       Potion            |     1 |     2 |     1 ||     4
Armor: Leather armour    |    11 |       |       ||    11
       Ring mail         |    26 |    70 |    20 ||   116
       Plate armour      |       |       |    16 ||    16
Dodge: Dodged            |    52 |    62 |    17 ||   131
Block: Tower shield      |    72 |   143 |    60 ||   275

Table legend: (Time is in decaauts)
 A = Elapsed time spent in this place.
 B = Non-inter-level travel time spent in this place.
 C = Inter-level travel time spent in this place.
 D = Time resting spent in this place.
 E = Time spent auto-exploring this place.
 F = Levels seen in this place.
 G = Mean time per level.
                   A        B        C        D        E       F      G
               +--------+--------+--------+--------+--------+-----+--------+
         Total |   4804 |   4733 |     71 |   1120 |   2392 |   5 |  960.8 |
       Dungeon |   4031 |   3960 |     71 |    863 |   2134 |   4 | 1007.8 |
       Ossuary |    773 |    773 |      0 |    257 |    258 |   1 |  773.0 |
               +--------+--------+--------+--------+--------+-----+--------+

Top non-repeatable levels by time:
     D:1: 1275 daAuts
     D:4: 1001 daAuts
     D:2: 942 daAuts
     D:3: 811 daAuts
 Ossuary: 773 daAuts
